 Dungeon Crawl Stone Soup version 0.29.1-1-gd02db6906a (webtiles) character file.

Game seed: 14860578872721550917

28 mopl the Poker (level 2, 0/23 HPs)
             Began as a Palentonga Gladiator on Oct 20, 2022.
             Slain by an adder (4 damage)
             ... on level 2 of the Dungeon.
             The game lasted 00:01:04 (1180 turns).

mopl the Poker (Palentonga Gladiator)               Turns: 1180, Time: 00:01:05

Health: 0/23       AC:  5    Str: 19    XL:     2   Next: 96%
Magic:  2/2        EV: 10    Int:  8    God:
Gold:   57         SH:  0    Dex: 11    Spells: 1/1 levels left

rFire   . . .      SeeInvis +   a - +0 trident
rCold   . . .      Faith    .   (no shield)
rNeg    . . .      Spirit   .   b - +0 leather armour
rPois   .          Reflect  .   c - +0 helmet
rElec   .          Harm     .   (no cloak)
rCorr   .          Rampage  .   (no gloves)
Will    .....                   (no barding)
Stlth   +.........              (no amulet)
HPRegen 0.07/turn               (no ring)
MPRegen 0.08/turn               (no ring)

@: lethally poisoned (0 -> -3)
A: large, rugged brown scales 3, see invisible, deformed body, roll 1, armoured
tail
a: Rolling Charge


You were on level 2 of the Dungeon.
You visited 1 branch of the dungeon, and saw 2 of its levels.

You collected 57 gold pieces.

Inventory:

Hand Weapons
 a - a +0 trident (weapon)
Missiles
 d - 3 throwing nets (quivered)
 e - a javelin
 f - 8 boomerangs
Armour
 b - a +0 leather armour (worn)
 c - a +0 helmet (worn)
Scrolls
 h - a scroll of noise {unknown}
 j - a scroll of teleportation {unknown}
 k - a scroll of identify {unknown}
Potions
 g - a potion of lignification {unknown}
 i - a potion of berserk rage {unknown}


   Skills:
 + Level 2.2 Fighting
 * Level 3.1 Polearms
 + Level 1.6 Throwing
 + Level 0.6 Armour
 + Level 2.5 Dodging


You had one spell level left.
You didn't know any spells.
Your spell library was empty.

Dungeon Overview and Level Annotations

Branches:
Dungeon (2/15)

Altars:
Ashenzari
Elyvilon


Innate Abilities, Weirdness & Mutations

You are completely covered in rugged brown scales. (AC +3, +7% HP)
You have supernaturally acute eyesight. (SInv)
Armour fits poorly on your strangely shaped body.
You can roll at nearby foes to attack.
You have a long armoured tail.


Message History

You are poisoned.
The adder poisons you!
You completely miss the adder.
The adder is lightly wounded.
You feel sick. The adder bites you.
You closely miss the adder.
The adder is lightly wounded.
You feel sick. The adder barely misses you. The adder bites you.
You are too injured to fight recklessly!
You are too injured to fight recklessly!
You are too injured to fight recklessly!
You are too injured to fight recklessly!
You are too injured to fight recklessly!
You are too injured to fight recklessly!
You are too injured to fight recklessly!
You are too injured to fight recklessly!
You are too injured to fight recklessly!
You are too injured to fight recklessly!
You are too injured to fight recklessly!
You are too injured to fight recklessly!
You are too injured to fight recklessly!
You are too injured to fight recklessly!
You are too injured to fight recklessly!
You are too injured to fight recklessly!
You closely miss the adder.
The adder is lightly wounded.
You feel sick.
You are no longer poisoned.
The adder closely misses you.
You closely miss the adder.
The adder is lightly wounded.
The adder bites you but does no damage. The adder bites you.
* * * LOW HITPOINT WARNING * * *
You are poisoned.
The adder poisons you!
You miss the adder.
The adder is lightly wounded.
* * * LOW HITPOINT WARNING * * *
You feel sick. The adder bites you.
You die...

##.....##.# #...
#.####.##.# .....
.## ##.##.####.....
.####...........#.#
......>...#####.#.#
.####..##.....#.#.#
.# #..##)###.#.#.#
.# #..##.# #.#.#S#
.. ......# #...@.#
## ##..####
#........... #..#
##...####### #...
....## ######


You could see an adder.

Vanquished Creatures
  An adder (D:2)
  3 bats
  3 endoplasms
  2 goblins
  A kobold (D:2)
  2 quokkas
  2 ball pythons (D:2)
  A frilled lizard (D:2)
  2 rats (D:2)
17 creatures vanquished.

Vanquished Creatures (others)
  4 fungi (D:1)
  A plant (D:1)
5 creatures vanquished.

Grand Total: 22 creatures vanquished

Notes
Turn   | Place    | Note
-------+----------+-------------------------------------------
     0 | D:1      | mopl the Palentonga Gladiator began the quest for the Orb.
     0 | D:1      | Reached XP level 1. HP: 17/17 MP: 1/1
   740 | D:1      | Found a faded altar of an unknown god.
   749 | D:1      | Prayed at the altar of an unknown god.
   749 | D:1      | Became a worshipper of Ashenzari the Shackled
   750 | D:1      | Fell from the grace of Ashenzari
   769 | D:2      | Reached XP level 2. HP: 22/23 MP: 2/2
   779 | D:2      | Found a white marble altar of Elyvilon.
   923 | D:2      | Reached skill level 3 in Polearms
  1171 | D:2      | Was forgiven by Ashenzari
  1180 | D:2      | Slain by an adder

Illustrated notes

Levels and vault maps discovered:
D:1:      saegor_arrival_simple_b, layout_rooms,
          shapermc_ecumenical_altar_petra, grunt_decor_fettered
D:2:      layout_loops_ring, basic_altar

Skill      XL: |  1  2 |
---------------+-------+-----
Polearms       | 3 |  3.1
Fighting       | |  2.2
Throwing       | |  1.6
Armour         | |  0.6
Dodging        | |  2.5

Action                   || total
-------------------------++-------
Melee: Trident           ||    78
       Tailslap          ||    12
Invok: Renounce Religion ||     1
 Stab: Sleeping          ||     2
Armor: Leather armour    ||    14
Dodge: Dodged            ||    27
